 Dungeon Crawl Stone Soup version 0.27.1-4-g1640c2035a (webtiles) character file.

Game seed: 16122790676157846209

19382 bearlyready the Cleaver (level 13, -2/106 HPs)
             Began as a Formicid Monk on Nov 16, 2021.
             Was a High Priest of Qazlal.
             Constricted to death by Jorgrun (8 damage)
             ... while petrified by Jorgrun
             ... on level 13 of the Dungeon.
             The game lasted 00:30:40 (19065 turns).

bearlyready the Cleaver (Formicid Monk)            Turns: 19065, Time: 00:30:41

Health: -2/106     AC: 13    Str: 21    XL:     13   Next: 4%
Magic:  21/21      EV: -1    Int: 10    God:    Qazlal [*****.]
Gold:   549        SH:  0    Dex: 19    Spells: 12/12 levels left

rFire    . . .     SeeInvis +   S - +1 war axe (freeze)
rCold    . . .     Faith    .   e - +0 buckler
rNeg     + + +     Spirit   .   Q - +0 acid dragon scales
rPois    ∞         Reflect  .   (helmet unavailable)
rElec    .         Harm     .   (no cloak)
rCorr    +         Rampage  .   M - +1 pair of gloves
Will     +....                  V - +0 pair of boots {Fly}
Stlth    +.........             (no amulet)
HPRegen  0.27/turn              R - +6 ring of dexterity
MPRegen  0.17/turn              (no ring)

@: petrified, grasped by roots, protected from physical damage, flying,
constricted, repel missiles
A: permanent stasis, dig shafts and tunnels, antennae 3, four strong arms
a: Dig, Shaft Self, Renounce Religion, Upheaval, Elemental Force, Disaster Area


You were on level 13 of the Dungeon.
You worshipped Qazlal.
Qazlal was extremely pleased with you.
You visited 2 branches of the dungeon, and saw 14 of its levels.

You collected 736 gold pieces.
You spent 187 gold pieces at shops.

Inventory:

Hand Weapons
 a - a +0 hand axe
 A - a +2 hand axe of freezing
 G - a +0 war axe
 S - a +1 war axe of freezing (weapon)
 X - the +11 rapier of Vanity {spect, Str+2}
   (You took it off an orc on level 11 of the Dungeon)

   When its wielder attacks, the weapon's spirit leaps out and strikes again.
   The spirit shares a part of any damage it takes with its wielder.
   Str:       It affects your strength (+2).
Missiles
 d - 298 stones
 h - 9 javelins
 r - 7 boomerangs (quivered)
 u - 29 poisoned darts
 z - 3 curare-tipped darts
 J - 3 throwing nets
 T - 6 datura-tipped darts
Armour
 e - a +0 buckler (worn)
 p - a +0 plate armour
 M - a +1 pair of gloves (worn)
 Q - +0 acid dragon scales (worn)
 V - a +0 pair of boots of flying (worn)
 Y - a +0 leather armour
Jewellery
 b - a ring of willpower
 m - a ring of fire
 I - a ring of magical power
 O - a ring of wizardry
 R - a +6 ring of dexterity (left hand)
Wands
 y - a wand of acid (16)
 D - a wand of mindburst (4)
 E - a wand of iceblast (6)
 U - a wand of flame (18)
 W - a wand of charming (3)
Scrolls
 f - 2 scrolls of vulnerability {unknown}
 i - 3 scrolls of amnesia {unknown}
 j - 4 scrolls of noise
 k - 2 scrolls of brand weapon {unknown}
 l - 6 scrolls of teleportation
 n - a scroll of fog
 s - 4 scrolls of enchant armour
 x - 4 scrolls of blinking
 B - 4 scrolls of enchant weapon
 H - a scroll of torment {unknown}
 N - a scroll of fear
Potions
 g - a potion of mutation {unknown}
 q - 7 potions of curing
 t - a potion of berserk rage {unknown}
 v - a potion of cancellation {unknown}
 w - 2 potions of brilliance
 C - a potion of flight
 F - a potion of heal wounds
 K - 2 potions of attraction
 L - a potion of lignification {unknown}
 P - 2 potions of magic {unknown}
 Z - 2 potions of invisibility {unknown}


   Skills:
 + Level 11.1 Fighting
 + Level 12.4 Axes
 + Level 5.7 Throwing
 - Level 3.0 Armour
 - Level 2.6 Dodging
 - Level 2.4 Stealth
 - Level 4.1 Shields
 + Level 10.7 Invocations
 - Level 7.0 Evocations


You had 12 spell levels left.
You didn't know any spells.
Your spell library contained the following spells:

 Spells                   Type           Power      Damage    Failure   Level
 Magic Dart               Conj           0%         1d3       43%         1
 Sandblast                Erth           0%         2d4       43%         1
 Passwall                 Tmut/Erth      0%         N/A       58%         2
 Searing Ray              Conj           0%         3d3       58%         2
 Frozen Ramparts          Ice            0%         1d2       82%         3
 Gell's Gravitas          Tloc           0%         N/A       82%         3
 Lesser Beckoning         Tloc           0%         N/A       82%         3
 Portal Projectile        Hex/Tloc       0%         N/A       82%         3
 Teleport Other           Tloc           0%         N/A       82%         3
 Fulminant Prism          Conj/Hex       0%         3d6       99%         4
 Ice Form                 Ice/Tmut       0%         N/A       99%         4
 Passage of Golubria      Tloc           N/A        N/A       99%         4
 Summon Ice Beast         Ice/Summ       0%         N/A       99%         4
 Blade Hands              Tmut           0%         N/A       100%        5
 Excruciating Wounds      Necr           0%         N/A       100%        5
 Lee's Rapid Deconstruct  Erth           0%         3d5*      100%        5
 Silence                  Hex/Air        0%         N/A       100%        5
 Lehudib's Crystal Spear  Conj/Erth      0%         10d2      100%        8


Dungeon Overview and Level Annotations

Branches:
Dungeon (13/15)            Temple (1/1) D:4            Lair (0/6) D:11
    Orc (0/2) D:11
 Vaults: D:13-14

Altars:
Ashenzari
Cheibriados
Dithmenos
Elyvilon
Fedhas
Gozag
Hepliaklqana
Kikubaaqudgha
Makhleb
Nemelex Xobeh
Okawaru
Qazlal
Ru
Sif Muna
Trog
Uskayaw
Vehumet
Wu Jian
Xom
Yredelemnul
Zin
The Shining One

Shops:
D:1 [

Annotations:
D:13 Jorgrun


Innate Abilities, Weirdness & Mutations

You cannot be hasted, slowed, berserked, paralysed or teleported.
You can dig through walls and to a lower floor.
You have a pair of large antennae on your head. (SInv)
Your four strong arms can wield two-handed weapons with a shield.


Message History

Unknown command.
As you read the scroll labelled HECROSMEAD, it crumbles to dust.
You assume a fearsome visage.
Jorgrun resists with almost no effort.
It was a scroll of fear.
Jorgrun barely misses you.
Your limbs are stiffening.
Aiming: Iceblast
Press: ? - help, Shift-Dir - straight line, f/p - Jorgrun
Aim: Jorgrun, wielding a staff of earth and wearing a +0 robe (lightly wounded)
Okay, then.
Aiming: Charm
Press: ? - help, Shift-Dir - straight line, f/p - Jorgrun
Aim: Jorgrun, wielding a staff of earth and wearing a +0 robe (lightly wounded, chance to affect: 2%)
Okay, then.
As you read the scroll labelled JORI APHAEMUA, it crumbles to dust.
You feel aware of your surroundings.
You sensed 1 shop/portal.
It was a scroll of magic mapping.
Jorgrun hits you but does no damage. Jorgrun gestures at you while chanting.
The iron shot hits you!!!
* * * LOW HITPOINT WARNING * * *
You have turned to stone.
Jorgrun hits you with a staff of earth.
* * * LOW HITPOINT WARNING * * *
Jorgrun shatters you!
* * * LOW HITPOINT WARNING * * *
Your protection from physical attacks is fading.
Jorgrun completely misses you. Jorgrun gestures at you while chanting.
Roots burst forth from the earth!
The grasping roots grab you! The grasping roots constrict you.
* * * LOW HITPOINT WARNING * * *
Jorgrun hits you with a staff of earth. Jorgrun shatters you!!
* * * LOW HITPOINT WARNING * * *
The grasping roots constrict you!
* * * LOW HITPOINT WARNING * * *
Jorgrun hits you but does no damage. Jorgrun shatters you.
* * * LOW HITPOINT WARNING * * *
The grasping roots constrict you.
* * * LOW HITPOINT WARNING * * *
Jorgrun hits you but does no damage. The grasping roots constrict you!
You die...

...**** #...# ...* #...#
...* #..##
...******############..#
...,,,,,,.............!#
...,,,*+**#............#
...,,,*,,,#..$§§§☼.....#
**+**,*,,,#....§§§§....#
,,,,*,*,,,+.....@§§....#
,,,,*,*,,......g.§.....#
,,,,*,*,,.#...§.§§§....#
,,,,*,**,*#..§.§.§§....#
,,,,*,,,,..............#
,,,,+,,,,(....§§.#######
<,,,**,,,........#
,,,,,*,,,........#
,,****,,,,,,,,,,,*


You could see Jorgrun.

Vanquished Creatures
  A boulder beetle (D:12)
  2 hydras
  Erolcha (D:10)
  4 two-headed ogres
  7 death yaks
  2 centaur zombies (D:11)
  A manticore (D:13)
  An unseen horror (D:11)
  A kobold demonologist (D:11)
  3 trolls
  2 hornets (D:10)
  11 yaks
  2 wyverns
  A wraith (D:11)
  A vampire (D:12)
  2 water elementals (D:11)
  2 steam dragons
  An acid dragon (D:10)
  A floating eye (shapeshifter) (D:11)
  A necrophage (D:7)
  8 orc warriors
  A black bear (D:6)
  10 ogres
  6 centaurs
  A phantom (D:4)
  2 bullfrogs
  A wyvern zombie (D:6)
  A scorpion (D:5)
  A water moccasin zombie (D:5)
  4 wights (D:10)
  2 electric eels (D:11)
  3 howler monkeys
  6 gnoll shamans
  A hound (D:4)
  7 orc priests
  2 centaur skeletons
  A scorpion zombie (D:5)
  Natasha (thrice) (D:4)
  7 iguanas
  8 orc wizards
  A hound skeleton (D:4)
  Robin (D:4)
  A howler monkey zombie (D:8)
  7 adders
  21 gnolls
  A howler monkey skeleton (D:6)
  A shadow imp (D:7)
  2 ufetubi
  2 adder skeletons
  4 dart slugs
  32 orcs
  7 endoplasms
  A giant cockroach (D:3)
  16 goblins
  3 hobgoblins
  4 jackals (D:5)
  A quokka (D:4)
  6 ball pythons
  2 bats (D:1)
  4 frilled lizards
  10 kobolds
  2 rats
251 creatures vanquished.

Vanquished Creatures (others)
  4 fungi (D:8)
  15 plants (D:8)
19 creatures vanquished.

Grand Total: 270 creatures vanquished

Notes
Turn   | Place    | Note
-------+----------+-------------------------------------------
     0 | D:1      | bearlyready the Formicid Monk began the quest for the Orb.
     0 | D:1      | Reached XP level 1. HP: 18/18 MP: 1/1
   381 | D:1      | Found Suexyrig's Antique Armour Shop.
   585 | D:1      | Reached XP level 2. HP: 24/24 MP: 2/2
  1158 | D:2      | Reached skill level 4 in Axes
  1158 | D:2      | Reached XP level 3. HP: 12/29 MP: 3/3
  1915 | D:2      | Reached XP level 4. HP: 28/35 MP: 4/4
  2589 | D:3      | Reached skill level 5 in Axes
  2621 | D:3      | Found a faded altar of an unknown god.
  2728 | D:4      | Noticed a phantom
  2749 | D:4      | Killed a phantom
  2750 | D:4      | Reached XP level 5. HP: 15/41 MP: 5/5
  2989 | D:4      | Reached skill level 6 in Axes
  2995 | D:4      | Reached XP level 6. HP: 8/47 MP: 6/6
  3331 | D:4      | HP: 2/47 [poisoned by a kobold]
  3642 | D:4      | Noticed Robin
  3690 | D:4      | Killed Robin
  3802 | D:4      | Found a staircase to the Ecumenical Temple.
  3834 | Temple   | Entered the Ecumenical Temple
  3898 | Temple   | Became a worshipper of Qazlal Stormbringer
  3898 | Temple   | Reached * piety under Qazlal
  3898 | Temple   | Reached ** piety under Qazlal
  3967 | D:4      | Reached skill level 1 in Shields
  4172 | D:4      | Noticed Natasha
  4190 | D:4      | Reached skill level 1 in Throwing
  4201 | D:4      | Killed Natasha
  4278 | D:4      | Noticed Natasha
  4308 | D:4      | Killed Natasha
  4380 | D:4      | Noticed Natasha
  4391 | D:4      | Killed Natasha
  4392 | D:4      | Reached XP level 7. HP: 36/52 MP: 7/7
  4983 | D:5      | Entered Level 5 of the Dungeon
  5308 | D:5      | Reached skill level 7 in Axes
  6410 | D:6      | Reached XP level 8. HP: 58/58 MP: 8/8
  7035 | D:6      | Reached *** piety under Qazlal
  7198 | D:6      | Reached skill level 8 in Axes
  7562 | D:7      | Reached skill level 1 in Armour
  7678 | D:7      | Reached skill level 5 in Throwing
  7863 | D:7      | Reached XP level 9. HP: 62/65 MP: 9/9
  8516 | D:8      | Reached skill level 9 in Axes
  8517 | D:8      | Reached skill level 5 in Fighting
  8661 | D:8      | Reached skill level 1 in Invocations
  8804 | D:8      | Found a bloodstained altar of Trog.
  8809 | D:8      | Noticed a two-headed ogre
  8828 | D:8      | Killed a two-headed ogre
  8850 | D:8      | Reached XP level 10. HP: 39/76 MP: 12/12
  9484 | D:8      | Reached **** piety under Qazlal
 10478 | D:8      | Reached skill level 5 in Invocations
 10796 | D:9      | Reached skill level 10 in Axes
 11013 | D:9      | Noticed a two-headed ogre
 11037 | D:9      | Killed a two-headed ogre
 11038 | D:9      | Reached skill level 5 in Evocations
 11454 | D:9      | Reached XP level 11. HP: 25/85 MP: 15/15
 12090 | D:9      | Noticed a two-headed ogre
 12107 | D:9      | Killed a two-headed ogre
 12349 | D:10     | Entered Level 10 of the Dungeon
 12362 | D:10     | Noticed Erolcha
 12375 | D:10     | Killed Erolcha
 13647 | D:10     | HP: 4/83 [poisoned by a hornet]
 14263 | D:11     | Reached skill level 11 in Axes
 14333 | D:11     | Noticed an eight-headed hydra
 14333 | D:11     | Noticed a two-headed ogre
 14347 | D:11     | Noticed a death yak
 14347 | D:11     | Noticed a death yak
 14348 | D:11     | Noticed a death yak
 14348 | D:11     | Noticed a death yak
 14348 | D:11     | Noticed a death yak
 14349 | D:11     | Noticed a death yak
 15254 | D:1      | Bought a pair of embroidered boots for 187 gold pieces
 15792 | D:11     | Reached ***** piety under Qazlal
 16064 | D:11     | Killed an 11-headed hydra
 16065 | D:11     | Reached XP level 12. HP: 35/96 MP: 18/18
 16135 | D:11     | Killed a two-headed ogre
 16577 | D:10     | Killed a death yak
 16578 | D:10     | Reached skill level 10 in Fighting
 16862 | D:10     | Killed a death yak
 17088 | D:11     | Found a staircase to the Lair.
 17134 | D:11     | Noticed a death yak
 17160 | D:11     | Killed a death yak
 17194 | D:11     | Killed a death yak
 17194 | D:11     | Killed a death yak
 17195 | D:11     | Reached skill level 12 in Axes
 17195 | D:11     | Reached skill level 10 in Invocations
 17195 | D:11     | Killed a death yak
 17202 | D:11     | Killed a death yak
 17553 | D:11     | Identified the +11 rapier of Vanity {spect, Str+2}
 17557 | D:11     | Found a staircase to the Orcish Mines.
 17890 | D:12     | Noticed a boulder beetle
 17914 | D:12     | Killed a boulder beetle
 18477 | D:12     | Noticed a seven-headed hydra
 18489 | D:12     | Killed a seven-headed hydra
 18892 | D:13     | Reached XP level 13. HP: 83/106 MP: 21/21
 19048 | D:13     | Noticed Jorgrun
 19065 | D:13     | Constricted to death by Jorgrun

Illustrated notes

Levels and vault maps discovered:
D:1:      eino_arrival_water_cross, layout_basic, serial_shops,
          nicolae_shop_behind_doors
D:2:      layout_basic
D:3:      layout_rooms, ebering_ecumenical_altar_mist
D:4:      layout_rooms, minmay_temple_entry_overgrown, uniq_natasha, uniq_robin
D:5:      layout_basic, chequers_serial_rivers_micro_e, kennysheep_nondescript
D:6:      layout_basic
D:7:      layout_loops_ring
D:8:      kennysheep_seaside_town, layout_cave_pools,
          mainiacjoe_overflow_catwalk
D:9:      layout_basic
D:10:     layout_roguey, enter_bailey_2, uniq_erolcha
D:11:     layout_rooms, dpeg_lair_monsters, erik_orc_2
D:12:     layout_gridville, gauntlet_entry_generic
D:13:     statuecave_lemuel, layout_irregular_city, portal_ice_cave_entry_imps,
          uniq_jorgrun
Temple:   kilobyte_greek_temple

Skill      XL: |  1  2  3  4  5  6  7  8  9 10 11 12 |
---------------+-------------------------------------+-----
Axes           | 4 5 6 7 8 9 10 11 12 | 12.4
Shields        | 2 3 4 |  4.1
Throwing       | 1 3 5 |  5.7
Armour         | 2 3 |  3.0
Fighting       | 6 7 9 11 | 11.1
Invocations    | 3 6 8 10 | 10.7
Evocations     | 3 5 7 |  7.0
Dodging        | |  2.6
Stealth        | |  2.4

Action                   |  1- 3 |  4- 6 |  7- 9 | 10-12 | 13-15 || total
-------------------------+-------+-------+-------+-------+-------++-------
Melee: Hand axe          |    63 |   187 |   287 |   224 |       ||   761
       War axe           |       |       |       |   190 |     6 ||   196
Throw: Dart              |       |    17 |    19 |    26 |       ||    62
       Boomerang         |       |       |     1 |    35 |       ||    36
       Throwing net      |       |       |       |     3 |       ||     3
       Javelin           |       |       |       |     3 |       ||     3
 Abil: Dig               |       |     2 |     1 |     3 |       ||     6
Evoke: Wand              |       |       |     4 |    36 |     1 ||    41
  Use: Potion            |       |     1 |     1 |     1 |     1 ||     4
       Scroll            |       |       |       |     9 |     3 ||    12
 Stab: Sleeping          |     2 |       |       |       |       ||     2
       Paralysed         |       |       |       |    25 |       ||    25
Armor: Ring mail         |    20 |       |       |       |       ||    20
       Robe              |     1 |       |       |       |       ||     1
       Plate armour      |       |   115 |   183 |   104 |       ||   402
       Acid dragon scale |       |       |       |    45 |     9 ||    54
Dodge: Dodged            |    31 |    23 |    68 |   115 |     6 ||   243
       Repelled          |       |       |       |       |     1 ||     1
Block: Buckler           |     7 |    35 |   128 |   250 |     4 ||   424
